 Dungeon Crawl Stone Soup version 0.26-a0-540-g8a0c9464d7 (webtiles) character file.

Game seed: 14070830606531775193

73 Ge0ff the Vexing (level 4, -1/32 HPs)
             Began as a Human Enchanter on Aug 15, 2020.
             Killed from afar by an orc wizard (7 damage)
             ... with a puff of flame
             ... on level 3 of the Dungeon.
             The game lasted 00:04:40 (2998 turns).

Ge0ff the Vexing (Human Enchanter)                  Turns: 2998, Time: 00:04:41

Health: -1/32      AC:  4    Str:  8    XL:     4   Next: 51%
Magic:  7/7        EV:  9    Int: 17    God:
Gold:   95         SH:  0    Dex: 19    Spells: 1/7 levels left

rFire    . . .     SeeInvis .   a - +0 short sword (venom)
rCold    . . .     Faith    .   (no shield)
rNeg     . . .     Spirit   .   g - +0 robe (curse)
rPois    .         Reflect  .   r - +0 helmet
rElec    .         Harm     .   j - +0 cloak
rCorr    .                      (no gloves)
MR       .....                  (no boots)
Stlth    +++.......             p - amulet of magic regeneration
HPRegen  0.10/turn              d - +6 ring of dexterity {=R}
MPRegen  0.35/turn              m - -4 ring of evasion (curse)

@: no status effects
A: no striking features
a: no special abilities


You were on level 3 of the Dungeon.
You visited 1 branch of the dungeon, and saw 3 of its levels.

You collected 95 gold pieces.

Inventory:

Hand Weapons
 a - a +0 short sword of venom (weapon)
 b - a +1 dagger
Missiles
 f - 45 stones (quivered) {don't train}
Armour
 g - a cursed +0 robe (worn)
 j - a +0 cloak (worn)
 r - a +0 helmet (worn)
Jewellery
 d - a +6 ring of dexterity (left hand) {=R}
 m - a cursed -4 ring of evasion (right hand)
 p - an amulet of magic regeneration (around neck)
Scrolls
 c - 2 scrolls of identify {unknown}
 e - a scroll of enchant armour {unknown}
 l - a scroll of teleportation {unknown}
 o - a scroll of blinking {unknown}
Potions
 h - 3 potions of curing {unknown}
 i - a potion of heal wounds {unknown}
 k - 2 potions of stabbing {unknown}
 n - a potion of haste {unknown}
 q - a potion of brilliance {unknown}


   Skills:
 - Level 1.0 Fighting
 * Level 2.7 Short Blades
 - Level 2.0 Dodging
 + Level 3.1 Stealth
 + Level 2.1 Spellcasting
 + Level 3.3 Hexes
 + Level 1.2 Ice Magic


You had one spell level left.
You knew the following spells:

 Your Spells              Type           Power        Failure   Level
a - Corona                Hex            ##.....      4%          1
k - Ensorcelled Hibernat  Hex/Ice        #.....       11%         2
t - Confusing Touch       Hex            ##......     14%         3

Your spell library contained the following spells:

 Spells                   Type           Power        Failure   Level
 Tukima's Dance           Hex            ##......     14%         3
 Dazzling Flash           Conj/Hex       #.....       28%         3


Dungeon Overview and Level Annotations

Branches:
Dungeon (3/15)

Altars:


Message History

The orc wizard hits you with a +0 quarterstaff!
You hit the orc wizard.
The orc wizard looks as sick as possible!
The orc wizard is moderately wounded.
You completely miss the orc wizard.
The orc wizard is moderately wounded.
The orc wizard hits you but does no damage.
You hit the orc wizard but do no damage.
The orc wizard looks as sick as possible!
The orc wizard is moderately wounded.
The orc wizard hits you but does no damage.
You barely miss the orc wizard.
The orc wizard is moderately wounded.
The orc wizard hits you with a +0 quarterstaff.
* * * LOW HITPOINT WARNING * * *
You barely miss the orc wizard.
The orc wizard is heavily wounded.
The orc wizard gestures at you while chanting.
The puff of flame hits you!
You die...

.####.........#
######.######
..........#####
#...........#
.......####
#.####.###...#
####..<#
#######.........)...
.......#
..........##.###....
####..##
######...##.# ..
#..# ###.........#
#... #.o.......÷.#
#### #.#@.....(..#
#.####....#.). #†#
#....###.#
.######(####....# .#
...........##.#.# #
####.#..........#
#.#....#.##....
##.#...#.# #.##... .


You could see an orc wizard (extremely poisoned).

Vanquished Creatures
  Jessica (D:3)
  An adder (D:3)
  An ooze (D:3)
  A worm (D:3)
  2 dart slugs (D:1)
  An orc (D:3)
  3 giant cockroaches
  3 goblins (D:1)
  3 hobgoblins
  A kobold (D:1)
  A ball python (D:2)
  3 bats
  2 frilled lizards
  5 rats
28 creatures vanquished.

Notes
Turn   | Place    | Note
-------+----------+-------------------------------------------
     0 | D:1      | Ge0ff the Human Enchanter began the quest for the Orb.
     0 | D:1      | Reached XP level 1. HP: 13/13 MP: 3/3
   807 | D:1      | Reached XP level 2. HP: 20/20 MP: 5/5
   850 | D:1      | Learned a level 2 spell: Ensorcelled Hibernation
  1581 | D:2      | Reached skill level 1 in Fighting
  1598 | D:2      | Reached XP level 3. HP: 22/26 MP: 6/6
  2349 | D:3      | Learned a level 3 spell: Confusing Touch
  2384 | D:3      | Noticed Jessica
  2390 | D:3      | Killed Jessica
  2390 | D:3      | Reached skill level 1 in Ice Magic
  2390 | D:3      | Reached XP level 4. HP: 13/32 MP: 7/7
  2998 | D:3      | Killed from afar by an orc wizard

Illustrated notes

Levels and vault maps discovered:
D:1:      psy_arrival_fountain, layout_loops_cross
D:2:      layout_basic
D:3:      layout_loops_ring, lemuel_coloured_pillars_altar,
          nicolae_overflow_hidden_temple, uniq_jessica

Skill      XL: |  1  2  3 |
---------------+----------+-----
Short Blades   | 2 |  2.7
Fighting       | 1 |  1.0
Ice Magic      | 1 |  1.2
Dodging        | |  2.0
Stealth        | |  3.1
Spellcasting   | |  2.1
Hexes          | |  3.3

Action                   |  1- 3 |  4- 6 || total
-------------------------+-------+-------++-------
Melee: Dagger            |    53 |       ||    53
       Short sword       |    11 |    22 ||    33
Throw: Stone             |    38 |    10 ||    48
 Cast: Corona            |     3 |       ||     3
  Use: Scroll            |     1 |       ||     1
 Stab: Sleeping          |     3 |     1 ||     4
Armor: Robe              |     8 |     2 ||    10
Dodge: Dodged            |    26 |     1 ||    27

Table legend: (Time is in decaauts)
 A = Elapsed time spent in this place.
 B = Non-inter-level travel time spent in this place.
 C = Inter-level travel time spent in this place.
 D = Time resting spent in this place.
 E = Time spent auto-exploring this place.
 F = Levels seen in this place.
 G = Mean time per level.
                   A        B        C        D        E       F      G
               +--------+--------+--------+--------+--------+-----+--------+
         Total |   2996 |   2934 |     62 |      9 |   2451 |   3 |  998.7 |
       Dungeon |   2996 |   2934 |     62 |      9 |   2451 |   3 |  998.7 |
               +--------+--------+--------+--------+--------+-----+--------+

Top non-repeatable levels by time:
     D:1: 1310 daAuts
     D:2: 1023 daAuts
     D:3: 661 daAuts
